 Dungeon Crawl Stone Soup version 0.24-a0-361-g57161393b2 (webtiles) character file.

Game seed: 11925275324193516136

57 kaladindcss the Chopper (level 4, 40/40 HPs)
             Began as a Hill Orc Fighter on May 26, 2019.
             Quit the game on level 2 of the Dungeon.
             The game lasted 00:02:17 (1006 turns).

kaladindcss the Chopper (Hill Orc Fighter)          Turns: 1006, Time: 00:02:18

Health: 40/40      AC: 10    Str: 19    XL:     4   Next: 0%
Magic:  4/4        EV:  2    Int:  8    God:
Gold:   108        SH:  8    Dex: 10    Spells: 3/3 levels left

rFire    . . .     SeeInvis .   a - +0 war axe
rCold    . . .     Gourm    .   c - +0 shield
rNeg     . . .     Faith    .   e - +0 plate armour
rPois    .         Spirit   .   (no helmet)
rElec    .         Reflect  .   (no cloak)
rCorr    .         Harm     .   (no gloves)
MR       .....                  (no boots)
Stlth    ..........             m - amulet of magic regeneration
HPRegen  0.13/turn              (no ring)
MPRegen  0.34/turn              (no ring)

@: heavily drained
A: no striking features
a: no special abilities


You were on level 2 of the Dungeon.
You were hungry.

You visited 1 branch of the dungeon, and saw 2 of its levels.

You collected 108 gold pieces.

Inventory:

Hand Weapons
 a - a +0 war axe (weapon)
Armour
 b - a +0 scale mail
 c - a +0 shield (worn)
 e - a +0 plate armour (worn)
Jewellery
 k - an uncursed amulet of harm
 m - an amulet of magic regeneration (around neck)
Scrolls
 h - a scroll of random uselessness {unknown}
 i - a scroll of remove curse {unknown}
 j - a scroll of fog {unknown}
 l - a scroll of identify {unknown}
Potions
 d - 2 potions of might
 g - a potion of cancellation {unknown}
Comestibles
 f - 3 rations


   Skills:
 + Level 4.2(2.5) Fighting
 * Level 4.3(2.6) Axes
 + Level 3.8(2.1) Armour
 - Level 3.2(1.6) Shields


You had 3 spell levels left.
You didn't know any spells.
Your spell library was empty.

Dungeon Overview and Level Annotations

Branches:
Dungeon (2/15)

Altars:


Message History

A rat comes into view.
A rat is nearby!
A rat is nearby!
A rat is nearby!
A rat is nearby!
You see here a club.
Found a thin citrine amulet.
You block the rat's attack.
You closely miss the rat.
The rat bites you but does no damage. x2
You closely miss the rat. The rat bites you but does no damage.
You slash the rat!
You kill the rat!
You have reached level 4!
m - a thin citrine amulet You remove your amulet of harm.
The amulet drains your life force as you remove it!
You feel drained.
The amulet hums as it attunes itself to your energized body.
m - an amulet of magic regeneration (around neck) Are you sure you want to abandon this character and quit the game? (Confirm with "yes".)

.# .. #)#
.#
...####.##
.#
.........#
##
..##..†..#
##....#
#....#
#....# #
#....# #
#...@# ##
#....# .##
###### ..#
#.########
.........#
#........#
###......#
#......#


There were no monsters in sight!

Vanquished Creatures
  An adder (D:2)
  An ooze (D:1)
  3 leopard geckos
  3 giant cockroaches
  9 goblins
  2 hobgoblins
  A quokka (D:2)
  7 bats
  3 frilled lizards
  3 kobolds
  6 rats
39 creatures vanquished.

Notes
Turn   | Place    | Note
-------+----------+-------------------------------------------
     0 | D:1      | kaladindcss the Hill Orc Fighter began the quest for the
                  | Orb.
     0 | D:1      | Reached XP level 1. HP: 19/19 MP: 1/1
   172 | D:1      | Reached XP level 2. HP: 26/27 MP: 2/2
   601 | D:1      | Reached XP level 3. HP: 33/33 MP: 3/3
   996 | D:2      | Reached XP level 4. HP: 40/40 MP: 4/4
  1006 | D:2      | Quit the game

Levels and vault maps discovered:
D:1:      minmay_arrival_up_and_down, layout_basic
D:2:      layout_rooms, uniq_robin

Skill      XL: |  1  2  3 |
---------------+----------+-----
Axes           | 3 4 |  4.3
Fighting       | 4 |  4.2
Armour         | |  3.8
Shields        | |  3.2

Action                   |  1- 3 |  4- 6 || total
-------------------------+-------+-------++-------
Melee: War axe           |   116 |       ||   116
Armor: Scale mail        |    25 |       ||    25
       Plate armour      |    63 |       ||    63
Dodge: Dodged            |    24 |       ||    24
Block: Shield            |    56 |       ||    56

Table legend:
 A = Non-vault XP
 B = Vault XP
 C = Vault XP percentage of total XP
 D = Non-vault monster count
 E = Vault monster count
 F = Vault count percentage of total count
                 A         B        C        D         E       F
            +---------+---------+-------+---------+---------+-------
      Total |      82 |       0 |   0.0 |      39 |       0 |   0.0
            +---------+---------+-------+---------+---------+-------
        D:1 |      38 |       0 |   0.0 |      20 |       0 |   0.0
        D:2 |      44 |       0 |   0.0 |      19 |       0 |   0.0
            +---------+---------+-------+---------+---------+-------
